 Dungeon Crawl Stone Soup version 0.29-a0-1033-gb6c65ffae6 (webtiles) character file.

Game seed: 16863520689486583715

2471 ytrimaz the Transmogrifier (level 9, -7/70 HPs)
             Began as a Demonspawn Transmuter on Aug 14, 2022.
             Was a Follower of Cheibriados.
             Killed from afar by Maggie (39 damage)
             ... with a bolt of fire
             ... on level 7 of the Dungeon.
             The game lasted 00:13:01 (7261 turns).

ytrimaz the Transmogrifier (Demonspawn Transmuter)  Turns: 7261, Time: 00:13:01

Health: -7/70      AC:  7    Str: 13    XL:     9   Next: 26%
Magic:  20/22      EV: 10    Int: 20    God:    Cheibriados [*.....]
Gold:   313        SH:  0    Dex: 22    Spells: 3/13 levels left

rFire   x . .      SeeInvis .     - Unarmed
rCold   + + +      Faith    .   (shield currently unavailable)
rNeg    . . .      Spirit   .   (body armour currently unavailable)
rPois   +          Reflect  .   (helmet currently unavailable)
rElec   .          Harm     .   (cloak currently unavailable)
rCorr   .          Rampage  .   (gloves currently unavailable)
Will    .....                   (boots currently unavailable)
Stlth   ++........              r - amulet of magic regeneration
HPRegen 0.21/turn               e - ring of magical power
MPRegen 0.58/turn               i - +6 ring of dexterity

@: ice-form, studying Invocations, very slow
A: freezing attack, amphibious, boosted hp, large, (antennae 2), (thin metallic
scales 1), demonic guardian 2, powered by death 1
a: End Transformation, Renounce Religion, Bend Time


You were on level 7 of the Dungeon.
You worshipped Cheibriados.
Cheibriados was aware of your devotion.
You were a creature of crystalline ice.
You visited 2 branches of the dungeon, and saw 8 of its levels.

You collected 313 gold pieces.

Inventory:

Missiles
 d - a throwing net
Armour
 o - +0 steam dragon scales (melded)
Jewellery
 e - a ring of magical power (left front paw)
 i - a +6 ring of dexterity (right front paw)
 p - a ring of flight
 r - an amulet of magic regeneration (around neck)
Wands
 q - a wand of polymorph (12)
 v - a wand of flame (18)
Scrolls
 h - a scroll of noise
 m - 4 scrolls of butterflies
 s - a scroll of blinking {unknown}
 u - a scroll of enchant armour {unknown}
Potions
 b - 2 potions of heal wounds
 c - a potion of ambrosia {unknown}
 f - a potion of brilliance {unknown}
 g - a potion of flight {unknown}
 j - a potion of magic {unknown}
 n - 3 potions of cancellation {unknown}
 t - a potion of curing


   Skills:
 - Level 1.0 Fighting
 - Level 0.7(0.9) Short Blades
 - Level 0.6(0.9) Long Blades
 - Level 0.6(1.1) Axes
 - Level 0.9(1.2) Maces & Flails
 - Level 0.7(1.1) Polearms
 - Level 0.7(1.2) Staves
 - Level 0.8 Ranged Weapons
 - Level 1.7 Dodging
 - Level 1.0 Shields
 - Level 5.2 Unarmed Combat
 + Level 2.9 Spellcasting
 - Level 0.8 Conjurations
 - Level 1.0 Hexes
 - Level 1.0 Summonings
 - Level 1.1 Necromancy
 - Level 0.7 Translocations
 - Level 8.0 Transmutations
 - Level 0.7 Fire Magic
 - Level 0.7 Air Magic
 - Level 0.7 Earth Magic
 - Level 4.0 Poison Magic
 * Level 5.6 Invocations


You had 3 spell levels left.
You knew the following spells:

 Your Spells              Type           Power      Damage    Failure   Level
a - Beastly Appendage     Tmut           68%        N/A       1%          1
b - Wereblood             Tmut           34%        N/A       1%          2
c - Spider Form           Tmut/Pois      26%        N/A       3%          3
d - Ice Form              Ice/Tmut       18%        N/A       28%         4

Your spell library contained the following spells:

 Spells                   Type           Power      Damage    Failure   Level
 Sting                    Tmut/Pois      100%       1d8       1%          1
 Passwall                 Tmut/Erth      16%        N/A       3%          2
 Poisonous Vapours        Pois/Air       24%        N/A       9%          2
 Summon Small Mammal      Summ           28%        N/A       10%         1
 Ensorcelled Hibernation  Hex/Ice        8%         N/A       19%         2
 Call Canine Familiar     Summ           7%         N/A       28%         3
 Summon Guardian Golem    Hex/Summ       7%         N/A       28%         3
 Gell's Gravitas          Tloc           5%         N/A       32%         3
 Lesser Beckoning         Tloc           5%         N/A       32%         3
 Swiftness                Air            5%         N/A       32%         3
 Teleport Other           Tloc           5%         N/A       32%         3
 Olgreb's Toxic Radiance  Pois           18%        N/A       28%         4


Dungeon Overview and Level Annotations

Branches:
Dungeon (7/15)             Temple (1/1) D:5

Altars:
Ashenzari
Cheibriados
Dithmenos
Gozag
Hepliaklqana
Kikubaaqudgha
Makhleb
Okawaru
Ru
Sif Muna
Wu Jian

Annotations:
D:7 Maggie


Innate Abilities, Weirdness & Mutations

You are a creature of crystalline ice.
You have a powerful freezing melee attack.
You are amphibious.
Your maximum health is increased.
Your armour is entirely melded.
You are incapable of wielding weapons or throwing items.
((You have a pair of antennae on your head.))
((You are partially covered in thin metallic scales. (AC +2)))
A demonic guardian rushes to your aid.
You regenerate a little health from kills.


Message History

Done exploring.
Done exploring.
As you read the scroll of identify, it crumbles to dust.
b - 2 potions of heal wounds You drop 2 potions of haste.
There is a stone staircase leading down here.
You climb downwards.
Found 8 stones and a silver ring.
There is a stone staircase leading up here.
A centaur comes into view.
A centaur is nearby!
The centaur wields a +0 shortbow.
The centaur shoots an arrow.
The arrow completely misses you.
The centaur shoots an arrow.
The arrow barely misses you.
The centaur shoots an arrow.
The arrow completely misses you.
The centaur shoots an arrow.
The arrow hits you!
You hear a shout!
Casting: Ice Form (quite dangerous; 28% risk of failure)
Confirm with . or Enter, or press ? or * to list all spells.
The spell is quite dangerous to miscast (28% risk of failure)!
Continue anyway?
You turn into a creature of crystalline ice.
Your +0 steam dragon scales melds into your body.
The centaur shoots an arrow.
The arrow hits you.
An orc comes into view. It is wielding a +0 short sword.
Unknown command.
Found 13 gold pieces.
The orc shouts!
You hear a shout! x3
The centaur shoots an arrow.
The arrow hits you!
The centaur shoots an arrow.
The arrow hits you.
Maggie the Vainglorious comes into view.
She is wielding a +0 war axe of electrocution.
Found 18 gold pieces and 3 stones.
Found a stone staircase leading down.
The centaur unwields a +0 shortbow.
The centaur hits you. The centaur completely misses you.
The centaur hits you but does no damage.
The centaur closely misses you.
An orc comes into view. It is wielding a +0 trident.
Maggie casts a spell at you. The bolt of fire hits you!!!
The fire burns you terribly!
Ouch! That really hurt!
You die...

###### #....#
#<...###..
#........
##....####
#.....#
#=.(..####.$#
##....Yc..$.#
#.....##.#.#
...o.....#
.......##...
.......# .#..
........ ....
.....@. ....#
...(o >.. #


You could see Maggie, a centaur and 2 orcs.

Vanquished Creatures
  Pikel (D:6)
  Sigmund (D:2)
  A steam dragon (D:4)
  A water moccasin (D:5)
  3 black bears
  An orc warrior (D:6)
  A sky beast (D:6)
  3 ogres
  A lemure (D:6)
  A phantom (D:6)
  A bullfrog (D:6)
  2 scorpions
  4 wights (D:6)
  A howler monkey (D:6)
  A hound (D:4)
  An iguana (D:6)
  Terence (D:2)
  Robin (D:2)
  6 adders
  A shadow imp (D:5)
  2 white imps
  A worm (D:2)
  5 dart slugs
  12 orcs
  6 endoplasms
  5 giant cockroaches
  14 goblins
  14 hobgoblins
  3 jackals
  3 quokkas
  5 ball pythons
  7 bats
  5 frilled lizards
  6 kobolds
  5 rats
126 creatures vanquished.

Vanquished Creatures (collateral kills)
  An ogre (D:4)
  2 hounds
  An orc wizard (D:4)
  2 orcs
  A quokka (D:4)
7 creatures vanquished.

Vanquished Creatures (others)
  An orc (D:4)
1 creature vanquished.

Grand Total: 134 creatures vanquished

Notes
Turn   | Place    | Note
-------+----------+-------------------------------------------
     0 | D:1      | ytrimaz the Demonspawn Transmuter began the quest for the
                  | Orb.
     0 | D:1      | Reached XP level 1. HP: 15/15 MP: 3/3
   167 | D:1      | Gained mutation: A weak demonic guardian rushes to your
                  | aid. [demonic ancestry]
   167 | D:1      | Reached XP level 2. HP: 20/21 MP: 3/5
   204 | D:1      | Reached skill level 2 in Transmutations
   688 | D:1      | Gained mutation: You are partially covered in thin metallic
                  | scales. (AC +2) [demonic ancestry]
   688 | D:1      | Reached XP level 3. HP: 22/26 MP: 4/6
   744 | D:1      | You fall into a shaft and drop 1 floor!
  1009 | D:1      | Found a faded altar of an unknown god.
  1150 | D:2      | Noticed Sigmund
  1161 | D:2      | Killed Sigmund
  1162 | D:2      | Reached skill level 3 in Transmutations
  1162 | D:2      | Gained mutation: A demonic guardian rushes to your aid.
                  | [demonic ancestry]
  1162 | D:2      | Reached XP level 4. HP: 32/32 MP: 7/7
  1162 | D:2      | Reached XP level 5. HP: 37/37 MP: 8/8
  1192 | D:2      | Learned a level 2 spell: Wereblood
  1196 | D:2      | Learned a level 3 spell: Spider Form
  1262 | D:2      | Noticed Robin
  1291 | D:2      | Killed Robin
  1507 | D:2      | Noticed Terence
  1508 | D:2      | Reached skill level 5 in Unarmed Combat
  1525 | D:2      | Killed Terence
  1556 | D:2      | Lost mutation: You have a pair of horns on your head.
                  | [demonic ancestry]
  1556 | D:2      | Lost mutation: You have a pair of small horns on your head.
                  | [demonic ancestry]
  1556 | D:2      | Gained mutation: You have a pair of small antennae on your
                  | head. [demonic ancestry]
  1556 | D:2      | Reached XP level 6. HP: 43/43 MP: 9/9
  2795 | D:4      | Reached skill level 4 in Transmutations
  2797 | D:4      | Reached skill level 5 in Transmutations
  2797 | D:4      | Reached skill level 1 in Poison Magic
  2804 | D:4      | Gained mutation: You have a pair of antennae on your head.
                  | [demonic ancestry]
  2804 | D:4      | Reached XP level 7. HP: 12/48 MP: 10/10
  3268 | D:4      | Found an ancient bone altar of Kikubaaqudgha.
  3281 | D:4      | Noticed a steam dragon
  3291 | D:4      | Killed a steam dragon
  3292 | D:4      | Reached skill level 6 in Transmutations
  4114 | D:4      | Gained mutation: You regenerate a little health from kills.
                  | [demonic ancestry]
  4114 | D:4      | Reached XP level 8. HP: 22/54 MP: 11/11
  4356 | D:5      | Entered Level 5 of the Dungeon
  4362 | D:5      | Learned a level 4 spell: Ice Form
  4430 | D:5      | Reached skill level 7 in Transmutations
  4633 | D:5      | Found a staircase to the Ecumenical Temple.
  4980 | Temple   | Entered the Ecumenical Temple
  5123 | Temple   | Became a worshipper of Cheibriados the Contemplative
  5282 | D:6      | Reached skill level 8 in Transmutations
  6316 | D:6      | Noticed Pikel
  6341 | D:6      | Killed Pikel
  6342 | D:6      | Reached skill level 1 in Shields
  6342 | D:6      | Reached skill level 1 in Hexes
  6342 | D:6      | Reached skill level 1 in Summonings
  6342 | D:6      | Reached skill level 1 in Necromancy
  6342 | D:6      | Reached skill level 1 in Invocations
  6342 | D:6      | Reached XP level 9. HP: 38/59 MP: 12/12
  6867 | D:6      | Reached skill level 5 in Invocations
  6867 | D:6      | Reached * piety under Cheibriados
  7261 | D:7      | Noticed Maggie
  7261 | D:7      | Killed from afar by Maggie

Illustrated notes

Levels and vault maps discovered:
D:1:      lightli_arrival_flooded_house, layout_loops_ring,
          shapermc_ecumenical_altar_petra, ebering_dispersal_statue_hall,
          minmay_heptomino_w4
D:2:      minmay_door_path, layout_rooms, kennysheep_generic_room_2, uniq_robin,
          uniq_sigmund, uniq_terence
D:3:      layout_basic
D:4:      layout_basic, mainiacjoe_overflow_catwalk, minmay_vboxes
D:5:      layout_loops_ring, minmay_temple_entry_poolview
D:6:      layout_basic, uniq_pikel
D:7:      erik_cavepeople, layout_rooms, serial_shops, nicolae_square_shop,
          uniq_duvessa, uniq_menkaure, uniq_maggie
Temple:   hc_temple_tempest_star

Skill      XL: |  1  2  3  4  5  6  7  8  9 |
---------------+----------------------------+-----
Unarmed Combat | 3 4 5 |  5.2
Transmutations | 2 3 5 6 8 |  8.0
Poison Magic   | 1 2 4 |  4.0
Shields        | 1 |  1.0
Hexes          | 1 |  1.0
Summonings     | 1 |  1.0
Necromancy     | 1 |  1.1
Invocations    | 1 5 |  5.6
Fighting       | |  1.0
Short Blades   | |  0.7
Long Blades    | |  0.6
Axes           | |  0.6
Maces & Flails | |  0.9
Polearms       | |  0.7
Staves         | |  0.7
Ranged Weapons | |  0.8
Dodging        | |  1.7
Spellcasting   | |  2.9
Conjurations   | |  0.8
Translocations | |  0.7
Fire Magic     | |  0.7
Air Magic      | |  0.7
Earth Magic    | |  0.7

Action                   |  1- 3 |  4- 6 |  7- 9 || total
-------------------------+-------+-------+-------++-------
Melee: Unarmed           |    71 |   133 |   185 ||   389
       Kick              |    12 |    22 |     9 ||    43
       Headbutt          |     7 |     2 |       ||     9
       Punch             |       |     3 |       ||     3
 Cast: Beastly Appendage |    17 |    21 |     9 ||    47
       Spider Form       |       |     5 |    23 ||    28
       Wereblood         |       |     3 |     5 ||     8
       Ice Form          |       |       |     4 ||     4
  Use: Scroll            |     1 |     5 |     5 ||    11
       Potion            |     1 |       |     3 ||     4
 Stab: Sleeping          |       |       |     2 ||     2
Armor: Robe              |    34 |    41 |     2 ||    77
       Skin              |     2 |     1 |    15 ||    18
       Steam dragon scal |       |       |     9 ||     9
Dodge: Dodged            |    57 |   110 |   127 ||   294

Table legend: (Time is in decaauts)
 A = Elapsed time spent in this place.
 B = Non-inter-level travel time spent in this place.
 C = Inter-level travel time spent in this place.
 D = Time resting spent in this place.
 E = Time spent auto-exploring this place.
 F = Levels seen in this place.
 G = Mean time per level.
                   A        B        C        D        E       F      G
               +--------+--------+--------+--------+--------+-----+--------+
         Total |   7471 |   7212 |    259 |    512 |   5475 |   8 |  933.9 |
       Dungeon |   7312 |   7070 |    242 |    512 |   5368 |   7 | 1044.6 |
        Temple |    159 |    142 |     17 |      0 |    107 |   1 |  159.0 |
               +--------+--------+--------+--------+--------+-----+--------+

Top non-repeatable levels by time:
     D:6: 2288 daAuts
     D:4: 1623 daAuts
     D:1: 1079 daAuts
     D:3: 873 daAuts
     D:2: 755 daAuts
     D:5: 683 daAuts
  Temple: 159 daAuts
     D:7: 8 daAuts
